 Dungeon Crawl Stone Soup version 0.23.2-1-ga50397a (webtiles) character file.

Game seed: 10269849993631485332

91826 dhn the Eclecticist (level 15, -10/58 HPs)
             Began as a Felid Wizard on Apr 24, 2019.
             Mangled by an earth elemental (21 damage)
             ... in a wizard's laboratory on Apr 26, 2019.
             The game lasted 03:27:44 (67372 turns).

dhn the Eclecticist (Felid Wizard)                 Turns: 67372, Time: 03:27:45

Health: -10/58     AC:  3    Str:  3    XL:     15   Next: 56%
Magic:  13/45      EV: 22    Int: 26    God:
Gold:   2007       SH:  0    Dex: 15    Spells: 1/46 levels left
                                        Lives:  0   Deaths: 3

rFire    + . .     SeeInvis +     - Unarmed
rCold    + . .     Gourm    .   (shield unavailable)
rNeg     . . .     Faith    .   (armour unavailable)
rPois    .         Spirit   .   (helmet unavailable)
rElec    .         Reflect  .   (cloak unavailable)
rCorr    .         Harm     .   (gloves unavailable)
MR       ++...                  (boots unavailable)
Stlth    ++++......             l - amulet of the acrobat
HPRegen  0.19/turn              x - ring of protection from fire
MPRegen  0.29/turn              F - ring of magical power

@: flying, lightly drained, quick
A: very small, no armour, no weapons or thrown items, stealth, claws 1, fangs 3,
see invisible, carnivore, speed 1, shaggy fur 3, slow metabolism 1, sharp paws
a: no special abilities


You were in a wizard's laboratory.
You were not hungry.

You visited 5 branches of the dungeon, and saw 26 of its levels.
You also visited: Ossuary, Gauntlet, Volcano and Wizlab.

You collected 2391 gold pieces.
You spent 384 gold pieces at shops.

Inventory:

Jewellery
 d - an uncursed ring of protection from cold
 i - an uncursed amulet of rage
 l - an amulet of the acrobat (around neck)
 n - an uncursed ring of protection from magic
 r - a +3 amulet of reflection
 t - the ring "Loneugg" {Ice *Drain rElec rN+ Dex+2, unknown}
   (You found it on level 6 of the Lair of Beasts)

   [ring of ice]

   It enhances your ice magic.
   It affects your dexterity (+2).
   It makes you vulnerable to fire.
   It protects you from cold.
   It insulates you from electricity.
   It protects you from negative energy.
   It causes draining when unequipped.
 x - a ring of protection from fire (left paw)
 z - an uncursed ring of wizardry
 F - a ring of magical power (right paw)
 M - an uncursed ring of wizardry
 Y - the ring "Luriurghi" {*Corrode rC++ EV+3 Int+2 SInv}
   (You found it on level 14 of the Dungeon)

   [ring of evasion]

   It affects your evasion (+3).
   It affects your intelligence (+2).
   It greatly protects you from cold.
   It lets you see invisible.
   It may corrode you when you take damage.
 Z - an uncursed ring of poison resistance
Wands
 k - a wand of enslavement (15)
 E - a wand of acid (10)
 H - a wand of paralysis (18)
 R - a wand of clouds (4)
 V - a wand of iceblast (15)
Scrolls
 c - 13 scrolls of remove curse
 h - a scroll of fear
 o - 2 scrolls of blinking
 p - 3 scrolls of immolation
 q - a scroll of fog {unknown}
 s - a scroll of magic mapping
 v - 2 scrolls of enchant weapon {unknown}
 D - 3 scrolls of vulnerability
 G - a scroll of noise {unknown}
 I - 3 scrolls of identify
 J - a scroll of summoning
 L - 4 scrolls of teleportation
 P - a scroll of amnesia
 W - 2 scrolls of brand weapon {unknown}
 X - a scroll of silence {unknown}
Potions
 a - 2 potions of haste
 e - a potion of agility
 f - 6 potions of brilliance
 g - 2 potions of cancellation
 j - 3 potions of resistance
 m - a potion of curing
 u - a potion of heal wounds
 w - 3 potions of invisibility
 C - 2 potions of flight
 T - 4 potions of might
Miscellaneous
 y - a sack of spiders
 A - a fan of gales
 K - a box of beasts
 N - a lamp of fire
 Q - a phial of floods
Comestibles
 b - 38 rations


   Skills:
 - Level 3.5(3.2) Fighting
 - Level 7.6(7.3) Dodging
 - Level 7.5(7.2) Stealth
 - Level 3.9(3.6) Unarmed Combat
 - Level 16.4(16.0) Spellcasting
 - Level 11.4(11.0) Conjurations
 - Level 5.6(5.3) Hexes
 - Level 2.0(1.7) Charms
 * Level 8.2(7.9) Summonings
 - Level 9.7(9.4) Translocations
 - Level 8.6(8.3) Fire Magic
 - Level 9.4(9.0) Air Magic
 - Level 2.0(1.7) Evocations


You had one spell level left.
You knew the following spells:

 Your Spells              Type           Power        Failure   Level  Hunger
a - Magic Dart            Conj           ####         1%          1    None
b - Blink                 Tloc           N/A          1%          2    None
c - Call Imp              Summ           ######..     1%          2    None
d - Slow                  Hex            #####...     1%          2    None
e - Conjure Flame         Conj/Fire      ######..     1%          3    None
f - Flame Tongue          Conj/Fire      #####        1%          1    None
g - Throw Flame           Conj/Fire      ######       1%          2    None
h - Sticky Flame          Conj/Fire      ######..     1%          4    None
i - Fireball              Conj/Fire      ######....   1%          5    None
j - Inner Flame           Hex/Fire       ######..     1%          3    None
k - Swiftness             Chrm/Air       #####...     1%          2    None
l - Lightning Bolt        Conj/Air       ######....   1%          5    None
m - Airstrike             Air            ######....   1%          4    None
n - Summon Lightning Spi  Summ/Air       ######..     1%          4    None
o - Silence               Hex/Air        ######....   3%          5    None

Your spell library contained the following spells:

 Spells                   Type           Power        Failure   Level  Hunger
 Shock                    Conj/Air       ####         1%          1    None
 Gell's Gravitas          Tloc           ######....   1%          3    None
 Mephitic Cloud           Conj/Pois/Air  ######..     1%          3    None
 Static Discharge         Conj/Air       ######..     1%          3    None
 Force Lance              Conj/Tloc      ######..     1%          4    None
 Conjure Ball Lightning   Conj/Air       ######....   6%          6    ####...
 Dispersal                Tloc           ######....   8%          6    ####...
 Deflect Missiles         Chrm/Air       #####.....   38%         6    ####...
 Controlled Blink         Tloc           N/A          98%         8    #######
 Disjunction              Tloc           ######....   98%         8    #######
 Tornado                  Air            ######....   100%        9    #######
 Portal Projectile        Hex/Tloc       Unusable     N/A         3    N/A

Dungeon Overview and Level Annotations

Branches:
Dungeon (15/15)            Temple (0/1) D:6            Lair (6/6) D:8
  Swamp (0/4) Lair:4        Snake (2/4) Lair:4        Slime (0/5) Lair:6
    Orc (2/2) D:9             Elf (1/3) Orc:2        Vaults (0/5) D:13
 Depths (0/5) D:15

Altars:
Ashenzari
Dithmenos
Elyvilon
Fedhas
Gozag
Hepliaklqana
Kikubaaqudgha
Okawaru
Ru
Sif Muna
Trog
Wu Jian
The Shining One
Beogh
Jiyva

Shops:
D:7 *   Orc:2 *=?[   Snake:1 :

Annotations:
D:14 Rupert
Lair:6 2 transporters, shugdite's ghost, journeyman MiBe WizLab exclusion: obsidian statue


Innate Abilities, Weirdness & Mutations

You cannot wear armour.
You are incapable of wielding weapons or throwing items.
Your paws allow you to move quietly. (Stealth)
You have sharp claws.
You have razor-sharp teeth.
You have supernaturally acute eyesight. (SInv)
You are carnivorous and can eat meat at any time.
You cover ground quickly.
Your thick and shaggy fur keeps you warm. (AC +3, rC+)
You have a slow metabolism.
Your sharp claws are effective at attacking unaware monsters.


Message History

You start resting.
An earth elemental comes into view.
You start resting.
You feel yourself speed up.
You start resting.
The earth elemental is too close now for your liking.
The earth elemental misses you.
You feel very buoyant.
You fly up into the air.
You recover from your berserk rage.
Casting: Airstrike (safe; 1% risk of failure)
Confirm with . or Enter, or press ? or * to list all spells.
You feel jittery for a moment. The earth elemental barely misses you.
Casting: Blink (safe; 1% risk of failure)
Confirm with . or Enter, or press ? or * to list all spells.
You feel jittery for a moment.
Casting: Blink (safe; 1% risk of failure)
Confirm with . or Enter, or press ? or * to list all spells.
You feel jittery for a moment. The earth elemental hits you!!
You die...

▓▓▓▓▓▓▓
********##.......#,,,..V=
*,,**,,,#.##.#≈.##**,,/.)
*,,,,**,#.#.##...#,©*,,.#
***,,**###...###.#*,*,,*#
***,,**#.#.#≈...##******∩
*,,≈*,###.##,#.#8#,,*,*,,
*,,**,#≈.##,,,*..,,*,*,*≈
**,,,*#E##≈≈,,*,,#****,,8
****#≈#@#****≈,*,,*,**,,
***#####*,,*,,**,,,,*,,
*,,,,*,,,,,***,,*,≈****
******,,,,***,,*,,**,,*
***,,,,,,,,**,**,,**,,,,
*©,,,,,,,,,**,**,≈*,,∩,,
*,,,,**,,***,*,,***,,,,,
*,,,,**,,*,,,***,*,,,,,,
*,,,,*,,,*,,,**,,*,,,*,,


You could see an earth elemental.

Vanquished Creatures
  Kirke (D:14)
  The ghost of runemage the Blocker, a journeyman GnFi of Ashenzari (Lair:4)
  A red draconian (Volcano)
  Azrael (D:14)
  Josephine (D:10)
  4 hydras
  An anaconda (Snake:1)
  A merfolk avatar (Lair:6)
  4 centaur warriors
  6 two-headed ogres
  4 tengu warriors
  A death yak (Lair:5)
  An orc high priest (Orc:1)
  A soul eater (WizLab)
  A salamander mystic (Volcano)
  5 skeletal warriors
  A sea snake (Lair:6)
  4 unseen horrors
  A flayed ghost (D:15)
  2 wizards (D:13)
  9 orc knights
  A necromancer (D:15)
  2 mana vipers (Snake:1)
  The ghost of diana the Carver, a novice DsGl of Makhleb (D:7)
  2 orc sorcerers (Orc:1)
  8 deep elf magi
  3 ugly things
  A fire giant zombie (D:15)
  4 oklob plants (Lair:4)
  4 salamanders (Volcano)
  4 cyclopes
  A manticore (Lair:6)
  An ice statue (D:13)
  A fire giant skeleton (D:15)
  An elephant (Lair:6)
  Joseph (D:10)
  8 black mambas
  10 spiny frogs
  A gargoyle (D:14)
  6 komodo dragons
  8 rime drakes
  3 tengu conjurers (D:15)
  A freezing wraith (D:15)
  A hellwing (WizLab)
  A queen bee (D:11)
  A jumping spider (shapeshifter) (D:15)
  6 trolls
  2 hornets (Lair:6)
  2 polar bears
  A wind drake (Lair:5)
  A fire dragon zombie (D:15)
  17 blink frogs
  6 dream sheep (Lair:4)
  9 slime creatures
  10 hippogriffs
  2 redbacks (Gauntlet)
  50 yaks
  4 shadows
  Sigmund (D:4)
  3 wyverns
  4 wraiths
  A vampire (D:14)
  6 fire bats (Volcano)
  5 hogs (D:14)
  2 fire elementals
  2 basilisks
  3 hungry ghosts
  5 nagas
  10 wargs
  14 water moccasins
  2 acid dragons
  16 porcupines
  3 hell hounds (D:14)
  61 orc warriors
  A meliai simulacrum (D:15)
  11 ice beasts
  5 sky beasts
  4 black bears (D:8)
  13 ogres
  2 phantoms
  14 wolves
  13 centaurs
  4 elf zombies (Ossuary)
  8 crocodiles
  2 big kobolds
  15 bullfrogs
  A gnoll sergeant (D:12)
  An earth elemental (Elf:1)
  A wyvern skeleton (D:13)
  3 scorpions
  23 killer bees
  18 wights
  2 electric eels
  5 crimson imps
  A howler monkey (D:12)
  A quasit (D:8)
  2 bullfrog zombies (D:9)
  4 lava snakes (Volcano)
  2 centaur zombies
  7 jellies
  23 orc priests
  29 orc wizards
  6 hounds
  4 bullfrog skeletons
  8 centaur skeletons
  5 hell rats (Lair:5)
  7 iguanas
  11 worker ants
  Natasha (thrice) (D:2)
  2 big kobold zombies (Ossuary)
  A hound skeleton (D:4)
  A howler monkey zombie (D:8)
  2 mummies (Ossuary)
  2 worker ant zombies
  15 gnolls
  14 adders
  5 shadow imps
  2 oozes
  An adder skeleton (D:10)
  An adder zombie (Ossuary)
  A worm (D:5)
  3 dart slugs
  4 leopard geckos
  112 orcs
  2 bats (D:3)
  4 giant cockroaches
  9 goblins
  4 hobgoblins
  7 jackals
  5 quokkas
  3 ball pythons
  5 frilled lizards
  A goblin zombie (D:5)
  11 hobgoblin zombies (Ossuary)
  A jackal zombie (Ossuary)
  13 kobolds
  9 kobold zombies (Ossuary)
  7 orc zombies (Ossuary)
  9 rats
  2 rat zombies
  2 fungi (Lair:5)
  3 plants
896 creatures vanquished.

Vanquished Creatures (collateral kills)
  A salamander (Volcano)
  A tengu skeleton (D:15)
  A centaur (D:5)
  A killer bee (D:11)
  2 howler monkeys (D:12)
  An orc priest (D:7)
  2 worker ants
  A quokka (D:5)
  A jackal zombie (Ossuary)
11 creatures vanquished.

Vanquished Creatures (others)
  68 fungi
  30 plants
  3 withered plants (D:15)
101 creatures vanquished.

Grand Total: 1008 creatures vanquished

Notes
Turn   | Place    | Note
-------+----------+-------------------------------------------
     0 | D:1      | dhn the Felid Wizard began the quest for the Orb.
     0 | D:1      | Reached XP level 1. HP: 7/7 MP: 5/5
    91 | D:1      | Reached XP level 2. HP: 8/11 MP: 2/7
   697 | D:1      | Reached skill level 1 in Conjurations
   697 | D:1      | Reached XP level 3. HP: 7/14 MP: 0/9
  1064 | D:2      | Noticed Natasha
  1075 | D:2      | Killed Natasha
  1419 | D:2      | Reached XP level 4. HP: 18/18 MP: 6/10
  1459 | D:2      | Noticed Natasha
  1603 | D:2      | Killed Natasha
  1603 | D:2      | Reached skill level 4 in Spellcasting
  2258 | D:2      | Noticed Natasha
  2268 | D:2      | Killed Natasha
  2268 | D:2      | Reached XP level 5. HP: 11/21 MP: 2/12
  2598 | D:3      | Found an opulent altar of Gozag.
  2635 | D:3      | Found a faded altar of an unknown god.
  3081 | D:3      | Learned a level 2 spell: Blink
  3084 | D:3      | Learned a level 2 spell: Call Imp
  3087 | D:3      | Learned a level 2 spell: Slow
  3091 | D:3      | Learned a level 3 spell: Conjure Flame
  3111 | D:4      | Noticed Sigmund
  3908 | D:4      | Noticed an ogre
  3927 | D:3      | Found a glowing golden altar of the Shining One.
  4077 | D:4      | Reached skill level 5 in Spellcasting
  4077 | D:4      | Gained mutation: You are covered in thick fur. (AC +2)
                  | [Felid growth]
  4077 | D:4      | Reached XP level 6. HP: 22/24 MP: 7/14
  4133 | D:4      | Found an ornate altar of the Wu Jian Council.
  4487 | D:5      | Entered Level 5 of the Dungeon
  4553 | D:5      | Found a sand-covered staircase.
  4596 | Ossuary  | Entered an ossuary
  5218 | Ossuary  | Reached skill level 1 in Unarmed Combat
  5692 | Ossuary  | Reached XP level 7. HP: 15/28 MP: 0/16
  6273 | D:4      | Reached skill level 5 in Stealth
  7228 | D:5      | Reached skill level 6 in Spellcasting
  7304 | D:5      | Reached XP level 8. HP: 31/31 MP: 2/18
  8674 | D:6      | Reached skill level 5 in Conjurations
  8758 | D:6      | Found a staircase to the Ecumenical Temple.
  8841 | D:6      | Reached skill level 7 in Spellcasting
  9285 | D:6      | Noticed a hippogriff
  9306 | D:6      | Killed a hippogriff
  9306 | D:6      | Reached skill level 1 in Fire Magic
  9539 | D:6      | Reached XP level 9. HP: 34/34 MP: 15/21
 10663 | D:4      | Killed Sigmund
 10810 | D:7      | You fall through a shaft for 2 floors!
 11020 | D:9      | Noticed a two-headed ogre
 11118 | D:8      | Reached skill level 8 in Spellcasting
 11363 | D:8      | Found a staircase to the Lair.
 12016 | D:7      | Found a runed translucent door.
 12017 | D:7      | Noticed diana's ghost (novice DsGl)
 12211 | D:7      | Found Aworin's General Store.
 12214 | D:7      | Bought a scroll of identify for 30 gold pieces
 12214 | D:7      | Bought a scroll of identify for 30 gold pieces
 12284 | D:7      | Reached skill level 5 in Dodging
 13787 | D:8      | Reached skill level 9 in Spellcasting
 13902 | D:8      | Reached XP level 10. HP: 30/38 MP: 5/24
 14128 | D:8      | Found a blossoming altar of Fedhas.
 14140 | D:8      | Found an opulent altar of Gozag.
 14148 | D:8      | Found a hazy altar of Hepliaklqana.
 14154 | D:8      | Found a deep blue altar of Sif Muna.
 15618 | D:8      | Reached skill level 1 in Fighting
 15676 | D:8      | Reached skill level 5 in Translocations
 15992 | D:8      | Found an ancient bone altar of Kikubaaqudgha.
 15999 | D:8      | Found a sacrificial altar of Ru.
 16016 | D:8      | Found a shadowy altar of Dithmenos.
 17185 | D:9      | Found a staircase to the Orcish Mines.
 17864 | D:9      | Killed a two-headed ogre
 17864 | D:9      | Reached skill level 10 in Spellcasting
 19191 | D:9      | Learned a level 1 spell: Flame Tongue
 19194 | D:9      | Learned a level 2 spell: Throw Flame
 19199 | D:9      | Learned a level 4 spell: Sticky Flame
 19205 | D:9      | Learned a level 5 spell: Fireball
 19381 | D:10     | Entered Level 10 of the Dungeon
 19418 | D:10     | Noticed Josephine
 20001 | D:9      | Learned a level 3 spell: Inner Flame
 20531 | D:9      | Reached XP level 11. HP: 43/43 MP: 8/26
 20968 | Lair:1   | Entered Level 1 of the Lair of Beasts
 22230 | Lair:2   | Reached skill level 11 in Spellcasting
 22263 | Lair:2   | Reached skill level 1 in Evocations
 22302 | Lair:2   | Found a frozen archway.
 23698 | Lair:3   | Learned a level 2 spell: Swiftness
 24768 | Lair:3   | Reached skill level 5 in Fire Magic
 24777 | Lair:3   | Gained mutation: Your thick and shaggy fur keeps you warm.
                  | (AC +3, rC+) [Felid growth]
 24777 | Lair:3   | Reached XP level 12. HP: 45/48 MP: 11/28
 26708 | Lair:4   | Found a staircase to the Swamp.
 26771 | Lair:4   | Found a runed translucent gate.
 26772 | Lair:4   | Found a runed translucent gate.
 26773 | Lair:4   | Found a runed translucent gate.
 26807 | Lair:4   | Reached skill level 1 in Hexes
 26889 | Lair:4   | Reached skill level 12 in Spellcasting
 27057 | Lair:4   | Noticed runemage's ghost (journeyman GnFi)
 27059 | Lair:4   | Found a viscous altar of Jiyva.
 27096 | Lair:4   | Found a staircase to the Snake Pit.
 27178 | Lair:4   | Noticed a five-headed hydra
 27197 | Lair:4   | Killed a five-headed hydra
 27656 | Lair:4   | Noticed a seven-headed hydra
 27952 | Lair:4   | Learned a level 5 spell: Lightning Bolt
 28179 | Lair:5   | Reached skill level 1 in Air Magic
 28726 | Lair:5   | Noticed a death yak
 29733 | Lair:5   | Killed a death yak
 30086 | Lair:6   | Entered Level 6 of the Lair of Beasts
 30429 | Lair:6   | Noticed a six-headed hydra
 30862 | Lair:6   | Noticed a five-headed hydra
 30990 | Lair:6   | Found a transporter.
 30994 | Lair:6   | Found a transporter.
 30996 | Lair:6   | Identified the +0 spear "Estotzyx" {antimagic, Fragile
                  | +Rage rN+}
 30998 | Lair:6   | Found a bloodstained altar of Trog.
 30998 | Lair:6   | Noticed shugdite's ghost (journeyman MiBe)
 31011 | Lair:6   | Reached skill level 10 in Conjurations
 31268 | Lair:1   | Learned a level 4 spell: Airstrike
 31364 | Orc:1    | Entered Level 1 of the Orcish Mines
 31494 | Orc:1    | Found a dark tunnel.
 31642 | Volcano  | Entered a volcano
 31754 | Volcano  | Reached XP level 13. HP: 44/51 MP: 3/30
 32221 | Volcano  | Noticed a red draconian
 32496 | Volcano  | Killed a red draconian
 33024 | Volcano  | Reached skill level 13 in Spellcasting
 33259 | Volcano  | Found a bloodstained altar of Trog.
 33412 | Volcano  | Found a burning altar of Makhleb.
 34155 | Orc:1    | Found a roughly hewn altar of Beogh.
 34686 | Orc:1    | Paralysed by an orc sorcerer for 6 turns
 35431 | Orc:2    | Entered Level 2 of the Orcish Mines
 35440 | Orc:2    | Found a gate leading to a gauntlet.
 35455 | Gauntlet | Entered a Gauntlet
 35455 | Gauntlet | Found a transporter.
 35455 | Gauntlet | Found a transporter.
 35455 | Gauntlet | Found a transporter.
 35474 | Gauntlet | Found a transporter.
 35478 | Gauntlet | Found a transporter.
 35488 | Gauntlet | Found a transporter.
 35492 | Gauntlet | Found a transporter.
 35505 | Gauntlet | Found the +2 cloak of the Thief {+Fog Slay-2 SInv Stlth+}
 35507 | Gauntlet | Found a transporter.
 35523 | Gauntlet | Found a transporter.
 35543 | Gauntlet | Found a transporter.
 35547 | Gauntlet | Found a transporter.
 35557 | Gauntlet | Found a transporter.
 36522 | Gauntlet | Identified the cursed +1 long sword of Amortisation
                  | {antimagic, MR+ Str-4 Dex+3 Stlth+}
 36522 | Gauntlet | Noticed a minotaur
 38925 | Orc:2    | Found a staircase to the Elven Halls.
 39296 | Orc:2    | Found Gyadi's Jewellery Shoppe.
 39296 | Orc:2    | Found Baimo's Assorted Antiques.
 40369 | Orc:2    | Reached skill level 5 in Air Magic
 40494 | Orc:2    | Found a roughly hewn altar of Beogh.
 40617 | Orc:2    | Found Ronn's Armour Shoppe.
 40617 | Orc:2    | Found Jiklemig's Magic Scroll Shop.
 40636 | Orc:2    | Bought a scroll of identify for 24 gold pieces
 41707 | Lair:6   | HP: 2/51 [wyvern (6)]
 41708 | Lair:6   | Slain by a basilisk
 41709 | Lair:6   | Reached XP level 12. HP: -1/48 MP: 7/39
 42315 | Lair:6   | Reached XP level 13. HP: 49/51 MP: 19/31
 42517 | Lair:4   | Killed runemage's ghost
 42530 | Lair:4   | Reached skill level 14 in Spellcasting
 44019 | D:10     | Killed Josephine
 44322 | D:10     | Noticed Joseph
 44326 | D:10     | Killed Joseph
 46487 | D:11     | Found a shattered altar of Ashenzari.
 50202 | D:13     | Found a white marble altar of Elyvilon.
 50498 | D:13     | Reached skill level 15 in Spellcasting
 50923 | D:13     | HP: 2/51 [centaur warrior/arrow (19)]
 51267 | D:13     | Reached XP level 14. HP: 55/55 MP: 23/34
 52807 | D:13     | Found a gate to the Vaults.
 53407 | D:13     | Found an iron altar of Okawaru.
 54027 | D:14     | Noticed Rupert
 54044 | D:14     | Reached skill level 5 in Hexes
 55250 | D:14     | Got a shimmering bone ring
 55422 | D:14     | Noticed Kirke
 55555 | D:14     | Killed Kirke
 56157 | D:13     | Identified the ring "Luriurghi" {*Corrode rC++ EV+3 Int+2
                  | SInv} (You found it on level 14 of the Dungeon)
 56524 | D:7      | Bought an uncursed ring of poison resistance for 300 gold
                  | pieces
 58335 | Lair:6   | Found a staircase to the Slime Pits.
 58336 | Lair:6   | Found a viscous altar of Jiyva.
 60011 | Lair:1   | Reached skill level 5 in Summonings
 60011 | Lair:1   | Reached XP level 15. HP: 58/58 MP: 35/35
 60473 | Lair:6   | Got a sparkling brass ring
 60619 | Snake:1  | Entered Level 1 of the Snake Pit
 60876 | Snake:1  | Shot with an arrow by a naga sharpshooter
 60877 | Snake:1  | Reached XP level 14. HP: -12/55 MP: 32/43
 60955 | Snake:1  | HP: 2/55 [mana viper (21)]
 60994 | Snake:1  | HP: 2/55 [anaconda (16)]
 60994 | Snake:1  | Slain by an anaconda
 60995 | Snake:1  | Reached XP level 13. HP: -2/52 MP: 8/42
 61317 | Snake:1  | Reached skill level 16 in Spellcasting
 61335 | Snake:1  | Found Wabot's Book Boutique.
 62109 | D:14     | Reached XP level 14. HP: 55/55 MP: 8/35
 62266 | D:14     | Noticed Azrael
 62409 | D:15     | Entered Level 15 of the Dungeon
 63540 | D:15     | Found a staircase to the Depths.
 65924 | D:14     | Killed Azrael
 66705 | D:7      | Killed diana's ghost
 66829 | Elf:1    | Entered Level 1 of the Elven Halls
 67212 | Elf:1    | Found a magical portal.
 67226 | WizLab   | Entered The Roulette of Golubria
 67226 | WizLab   | Found a transporter.
 67289 | WizLab   | Reached XP level 15. HP: 58/58 MP: 36/36
 67295 | WizLab   | Learned a level 4 spell: Summon Lightning Spire
 67301 | WizLab   | Learned a level 5 spell: Silence
 67303 | WizLab   | Found a corrupted altar of Lugonu.
 67335 | WizLab   | HP: 4/87 [hellwing (10)]
 67372 | WizLab   | Mangled by an earth elemental

Skill      XL: |  1  2  3  4  5  6  7  8  9 10 11 12 13 14 |
---------------+-------------------------------------------+-----
Stealth        | 3 4 5 6 7 |  7.5
Dodging        | 3 4 5 6 7 |  7.6
Conjurations   | 1 2 3 4 5 7 8 9 10 11 | 11.4
Spellcasting   | 4 5 6 7 9 10 11 12 16 | 16.4
Unarmed Combat | 2 3 |  3.9
Summonings     | 2 3 4 8 |  8.2
Translocations | 3 4 5 7 8 9 |  9.7
Fire Magic     | 1 2 5 7 8 |  8.6
Fighting       | 2 3 |  3.5
Evocations     | 1 2 |  2.0
Hexes          | 2 4 5 |  5.6
Air Magic      | 2 6 9 |  9.4
Charms         | 2 |  2.0

Action                   |  1- 3 |  4- 6 |  7- 9 | 10-12 | 13-15 || total
-------------------------+-------+-------+-------+-------+-------++-------
Melee: Unarmed           |    18 |    81 |    36 |    32 |   157 ||   324
       Bite              |     1 |     5 |     5 |     2 |    16 ||    29
       Punch             |       |       |     1 |       |       ||     1
 Cast: Magic Dart        |    71 |   231 |   469 |   566 |   116 ||  1453
       Conjure Flame     |       |    10 |    32 |    73 |    25 ||   140
       Call Imp          |       |     9 |    25 |    35 |    49 ||   118
       Blink             |       |     1 |    15 |    62 |    46 ||   124
       Fireball          |       |       |       |   180 |   317 ||   497
       Flame Tongue      |       |       |       |    10 |       ||    10
       Throw Flame       |       |       |       |    30 |    21 ||    51
       Inner Flame       |       |       |       |     9 |    46 ||    55
       Slow              |       |       |       |    17 |    22 ||    39
       Lightning Bolt    |       |       |       |    39 |   113 ||   152
       Airstrike         |       |       |       |    23 |   568 ||   591
       Swiftness         |       |       |       |     1 |     2 ||     3
Evoke: Wand              |       |       |       |     6 |    12 ||    18
       Phial of floods   |       |       |       |       |     1 ||     1
  Use: Scroll            |       |     6 |     5 |     9 |    23 ||    43
       Potion            |       |       |       |     5 |    14 ||    19
 Stab: Sleeping          |     4 |     5 |     3 |     4 |     8 ||    24
       Paralysed         |       |       |       |     2 |    10 ||    12
       Confused          |       |       |       |       |     1 ||     1
  Eat: Chunk             |       |     7 |    22 |    56 |    67 ||   152
       Ration            |       |       |     1 |     2 |     4 ||     7
Armor: Skin              |     2 |    12 |     2 |    11 |    18 ||    45
Dodge: Dodged            |    22 |   100 |   110 |   203 |   511 ||   946
